 Dungeon Crawl Stone Soup version 0.29.1-13-g9f3cf754e1 (webtiles) character file.

Game seed: 7206799957105136950

870 tizbic2 the Caller (level 7, -12/46 HPs)
             Began as a Demonspawn Summoner on Jan 26, 2023.
             Mangled by an orc warrior
             ... wielding a +0 halberd
              (17 damage)
             ... on level 7 of the Dungeon.
             The game lasted 00:30:55 (5496 turns).

tizbic2 the Caller (Demonspawn Summoner)            Turns: 5496, Time: 00:30:55

Health: -12/46     AC:  6    Str: 10    XL:     7   Next: 73%
Magic:  15/21      EV: 11    Int: 16    God:
Gold:   246        SH:  0    Dex: 14    Spells: 4/12 levels left

rFire   . . .      SeeInvis .   r - staff of air
rCold   . . .      Faith    .   (no shield)
rNeg    . . .      Spirit   .   j - +2 leather armour {rPois}
rPois   +          Reflect  .   (helmet restricted)
rElec   +          Harm     .   (no cloak)
rCorr   .          Rampage  .   d - +0 pair of gloves
Will    .....                   (no boots)
Stlth   +.........              w - amulet "Ujanku" {+Inv rPois Regen+}
HPRegen 0.95/turn               I - ring of magical power
MPRegen 0.17/turn               (no ring)

@: confused, hasted, very quick
A: horns 1, spiny 2
a: Evoke Invisibility


You were on level 7 of the Dungeon.
You visited 1 branch of the dungeon, and saw 7 of its levels.

You collected 246 gold pieces.

Inventory:

Hand Weapons
 t - a +1 war axe of electrocution
 u - a +3 flail
Missiles
 h - 10 poisoned darts
 v - 6 javelins
 y - 2 boomerangs
Armour
 d - a +0 pair of gloves (worn)
 j - a +2 leather armour of poison resistance (worn)
 x - a +0 ring mail
 B - a +0 chain mail
Magical Staves
 r - a staff of air (weapon)
Jewellery
 f - an amulet of reflection
 w - the amulet "Ujanku" (around neck) {+Inv rPois Regen+}
   (You found it on level 3 of the Dungeon)

   [amulet of regeneration]

   rPois:     It protects you from poison.
   +Inv:      It lets you turn invisible.
   Regen:     It increases your rate of health regeneration.
 I - a ring of magical power (left hand)
Wands
 E - a wand of paralysis (4)
 H - a wand of mindburst (17)
Scrolls
 c - 2 scrolls of noise {unknown}
 e - a scroll of vulnerability
 g - 2 scrolls of silence
 k - 2 scrolls of brand weapon {unknown}
 o - 2 scrolls of butterflies
 p - a scroll of enchant armour {unknown}
 z - 2 scrolls of immolation
 A - 2 scrolls of teleportation
 D - a scroll of torment {unknown}
 J - a scroll of identify
Potions
 a - 2 potions of might {unknown}
 b - 2 potions of magic
 i - a potion of ambrosia {unknown}
 l - a potion of attraction {unknown}
 m - 3 potions of curing {unknown}
 n - a potion of brilliance {unknown}
 q - 3 potions of mutation {unknown}
 s - 2 potions of degeneration {unknown}
 C - a potion of lignification {unknown}
 F - a potion of haste
 G - 2 potions of heal wounds {unknown}


   Skills:
 - Level 0.7(2.1) Maces & Flails
 * Level 3.0(3.1) Staves
 - Level 1.7 Dodging
 - Level 1.7 Stealth
 + Level 3.0 Unarmed Combat
 + Level 3.3 Spellcasting
 + Level 5.0 Summonings
 * Level 3.1 Air Magic
 * Level 3.6 Evocations


You had 4 spell levels left.
You knew the following spells:

 Your Spells              Type           Power      Damage    Failure   Level
a - Summon Small Mammal   Summ           72%        N/A       3%          1
b - Call Canine Familiar  Summ           18%        N/A       9%          3
c - Summon Lightning Spi  Summ/Air       23%        N/A       41%         4

Your spell library contained the following spells:

 Spells                   Type           Power      Damage    Failure   Level
 Call Imp                 Summ           18%        N/A       4%          2
 Summon Guardian Golem    Hex/Summ       10%        N/A       26%         3
 Ozocubu's Armour         Ice            2%         N/A       58%         3
 Corpse Rot               Necr/Pois/Air  9%         N/A       85%         4
 Dispel Undead            Necr           2%         3d7       94%         4
 Death Channel            Necr           1%         N/A       100%        6
 Ozocubu's Refrigeration  Ice            1%         4d7       100%        7


Dungeon Overview and Level Annotations

Branches:
Dungeon (7/15)
 Temple: D:4-7

Altars:
Trog

Shops:
D:6 *

Portals:
Abyss: D:6

Annotations:
D:5 Eustachio
D:6 2 transporters, hawla's ghost, novice MeFE


Innate Abilities, Weirdness & Mutations

You have a pair of small horns on your head.
You are mostly covered in sharp spines.


Message History

Your lightning spire shoots out a bolt of lightning at the orc warrior!
The bolt of electricity hits the orc wizard!
The bolt of electricity hits the orc warrior!
The orc warrior hits you from afar with a +0 halberd!
Your magical contamination has completely faded away.
You hit the orc wizard but do no damage.
The orc wizard is heavily wounded.
The orc wizard gestures at you while chanting.
You are confused.
The orc warrior hits you from afar with a +0 halberd!!
* * * LOW HITPOINT WARNING * * *
Your lightning spire shoots out a bolt of lightning at the orc warrior!
The bolt of electricity hits the orc wizard!
The orc wizard dies!
The bolt of electricity hits the orc warrior.
Are you sure you want to stumble around while confused and next to your lightning spire? [Y]es or [N]o only, please.
Are you sure you want to stumble around while confused and next to your lightning spire? [Y]es or [N]o only, please.
Are you sure you want to stumble around while confused and next to your lightning spire?
Okay, then.
Are you sure you want to stumble around while confused and next to your lightning spire?
Okay, then.
The orc warrior hits your lightning spire but does no damage.
It was a potion of haste.
You feel yourself speed up.
The orc warrior hits your lightning spire from afar with a +0 halberd.
Your lightning spire shoots out a bolt of lightning at the orc warrior!
The bolt of electricity hits the orc warrior.
The orc shouts!
Are you sure you want to stumble around while confused and next to your lightning spire?
You closely miss the orc warrior.
The orc warrior is heavily wounded.
Are you sure you want to stumble around while confused and next to your lightning spire? [Y]es or [N]o only, please.
Are you sure you want to stumble around while confused and next to your lightning spire?
Okay, then.
The orc warrior hits you with a +0 halberd!
* * * LOW HITPOINT WARNING * * *
The orc warrior hits you with a +0 halberd!
You die...

##..# #.....#.#............
##.####.#..........#...#...
#..# #..<..#..#........[..
..## #.#...........#.#.#.#.
.#####.#..####.............
...........# #.#..o...#..
.#####.....# #.#..........
...........####..o.###...##
....#......##...@)..# ....
......#.(.....###8#.#


.So ......>....#### #...# .o ...#.##....# ###..# . ...#.##....# ##.#
#######....# .# # ###### .# # ## You could see an orc warrior (ally target), an
orc and a friendly lightning spire (summoned).

Vanquished Creatures
  3 necrophages (D:6)
  2 jellies
  A bullfrog zombie (D:5)
  2 hounds (D:6)
  2 orc priests
  2 iguanas (D:4)
  An orc wizard (D:4)
  3 adders
  A shadow imp (D:6)
  An ufetubus (D:6)
  A worm (D:2)
  14 orcs
  3 endoplasms
  8 giant cockroaches
  8 goblins
  5 hobgoblins
  2 quokkas (D:1)
  4 ball pythons
  5 bats
  3 frilled lizards
  4 kobolds
  4 rats
79 creatures vanquished.

Vanquished Creatures (collateral kills)
  An ogre (D:6)
  A scorpion (D:4)
  A jelly (D:4)
  A hound (D:6)
  An iguana (D:6)
  An orc wizard (D:7)
  An adder (D:2)
  A worm (D:5)
  4 orcs
  4 ball pythons
  2 endoplasms
  A giant cockroach (D:1)
  2 hobgoblins (D:1)
  2 frilled lizards
  A rat (D:1)
24 creatures vanquished.

Grand Total: 103 creatures vanquished

Notes
Turn   | Place    | Note
-------+----------+-------------------------------------------
     0 | D:1      | tizbic2 the Demonspawn Summoner began the quest for the
                  | Orb.
     0 | D:1      | Reached XP level 1. HP: 13/13 MP: 3/3
   125 | D:1      | Reached skill level 1 in Unarmed Combat
   125 | D:1      | Gained mutation: You are partially covered in sharp spines.
                  | [demonic ancestry]
   125 | D:1      | Reached XP level 2. HP: 11/19 MP: 0/5
  1190 | D:1      | Reached XP level 3. HP: 18/24 MP: 4/6
  1211 | D:1      | Learned a level 3 spell: Call Canine Familiar
  2227 | D:2      | Reached XP level 4. HP: 24/30 MP: 7/7
  2234 | D:2      | Learned a level 4 spell: Summon Lightning Spire
  2581 | D:3      | Found a faded altar of an unknown god.
  2763 | D:3      | Identified the amulet "Ujanku" {+Inv rPois Regen+}
  3247 | D:4      | Noticed a scorpion
  3280 | D:4      | Killed a scorpion
  3281 | D:4      | Reached skill level 1 in Staves
  3281 | D:4      | Reached skill level 1 in Air Magic
  3281 | D:4      | Reached skill level 1 in Evocations
  3281 | D:4      | Gained mutation: You have a pair of small horns on your
                  | head. [demonic ancestry]
  3281 | D:4      | Reached XP level 5. HP: 11/35 MP: 2/9
  3462 | D:4      | Found a bloodstained altar of Trog.
  3717 | D:4      | Reached XP level 6. HP: 41/41 MP: 6/10
  3817 | D:5      | Entered Level 5 of the Dungeon
  3922 | D:5      | Noticed Eustachio
  4034 | D:6      | Noticed an angel
  4079 | D:6      | Found Soxzuby's Hallowed Reliquary.
  4163 | D:6      | Gained mutation: You are mostly covered in sharp spines.
                  | [demonic ancestry]
  4163 | D:6      | Reached XP level 7. HP: 41/46 MP: 11/11
  4203 | D:6      | Found a transporter.
  4213 | D:6      | Found a one-way gate to the infinite horrors of the Abyss.
  4213 | D:6      | Noticed hawla's ghost (novice MeFE)
  4226 | D:6      | Noticed an ancient zyme
  4250 | D:6      | Found a transporter.
  5023 | D:6      | Reached skill level 5 in Summonings
  5496 | D:7      | Mangled by an orc warrior

Illustrated notes

Levels and vault maps discovered:
D:1:      scummos_arrival_star, layout_loops_corners, lemuel_flame_loot_1
D:2:      layout_loops_ring, minivault_25, nicolae_hexahallways
D:3:      layout_loops_ring, hellmonk_ecumenical_altar_blasted
D:4:      layout_gridville, trog_butcher_becter, grunt_decor_one_mirror
D:5:      gammafunk_steamed_eel, layout_loops_cross,
          nicolae_yredelemnul_corpse_copse, temple_statues,
          minmay_misc_feat_more_columns, uniq_eustachio
D:6:      layout_basic, gammafunk_ghost_abyssal_escape,
          dreamdust_mushroom_princess, nicolae_good_shop
D:7:      layout_rooms, lemuel_round_altar, mainiacjoe_overflow_24_doors,
          lemuel_tele_altar, hangedman_decor_lopped

Skill      XL: |  1  2  3  4  5  6  7 |
---------------+----------------------+-----
Unarmed Combat | 1 2 3 |  3.0
Staves         | 1 2 3 |  3.0
Air Magic      | 1 2 3 |  3.1
Evocations     | 1 2 3 |  3.6
Spellcasting   | 3 |  3.3
Summonings     | 5 |  5.0
Maces & Flails | |  0.7
Dodging        | |  1.7
Stealth        | |  1.7

Action                   |  1- 3 |  4- 6 |  7- 9 || total
-------------------------+-------+-------+-------++-------
Melee: Unarmed           |    36 |       |       ||    36
       Punch             |     2 |     1 |       ||     3
       Club              |    21 |       |       ||    21
       Dagger            |    38 |       |       ||    38
       Staff             |       |   111 |    20 ||   131
       War axe           |       |     5 |       ||     5
       Headbutt          |       |    21 |     8 ||    29
 Cast: Summon Small Mamm |    18 |     3 |       ||    21
       Call Canine Famil |     4 |    12 |     5 ||    21
       Summon Lightning  |       |       |     2 ||     2
  Use: Scroll            |       |     7 |       ||     7
       Potion            |       |       |     1 ||     1
 Stab: Sleeping          |     5 |     2 |       ||     7
       Distracted        |       |     1 |       ||     1
Armor: Robe              |    16 |    13 |       ||    29
       Leather armour    |       |     2 |     6 ||     8
Dodge: Dodged            |    77 |    62 |     5 ||   144
Block: Other             |     7 |     6 |       ||    13
